PBL
CALGARY FLAMES @ MIAMI BEACH MARLINS
09/02/2048
 
TOP OF THE 1ST
Calgary Flames batting - Pitching for Miami Beach Marlins : RHP Ib Skovgaard
Pitching: RHP Ib Skovgaard
Batting: LHB Garrett Dodge 0-0: Ball
1-0: Ball
2-0: Foul Ball, location: 2F
2-1: Ball
3-1: Fly out, F7 (Line Drive, 7S, EV 93.1 MPH)
Batting: RHB Andre Thompson 0-0: Ball
1-0: DOUBLE (Flyball, 78D, EV 99.4 MPH)
Batting: RHB Norinaga Yamakawakamatsu 0-0: Ball
1-0: Called Strike
1-1: Called Strike
1-2: Strikes out swinging
Batting: RHB Alejandro Patron 0-0: Called Strike
0-1: 2-RUN HOME RUN (Flyball, 78XD, EV 115.0 MPH), Distance : 437 ft
Batting: LHB Gary Corrales 0-0: Ball
1-0: Ball
2-0: Called Strike
2-1: Ball
3-1: Swinging Strike
3-2: Foul Ball, location: 2F
3-2: Base on Balls
Batting: RHB Peter Frankel 0-0: Called Strike
0-1: Called Strike
0-2: Strikes out swinging
Top of the 1st over - 2 runs, 2 hits, 0 errors, 1 left on base; Calgary 2 - Miami Beach 0
BOTTOM OF THE 1ST
Miami Beach Marlins batting - Pitching for Calgary Flames : LHP Tony Duque
Pitching: LHP Tony Duque
Batting: SHB Emmet Brickowski 0-0: Called Strike
0-1: Ball
1-1: Swinging Strike
1-2: Ball
2-2: Foul Ball, location: 2F
2-2: Strikes out swinging
Batting: RHB Scott Talbot 0-0: Ball
1-0: Ball
2-0: Ball
3-0: Base on Balls
Batting: LHB Luis Ortegon 0-0: Foul Ball, location: 2F
0-1: Called Strike
0-2: Fly out, F8 (Flyball, 8LM, EV 85.6 MPH)
Batting: RHB Torquato Uso 0-0: Ball
1-0: Ball
2-0: Foul Ball, location: 2F
2-1: Ball
3-1: Base on Balls
Scott Talbot to second
Batting: RHB Corbin Chauvin 0-0: Ball
1-0: Fly out, F4 (Popup, 13S, EV 92.5 MPH)
Bottom of the 1st over - 0 runs, 0 hits, 0 errors, 2 left on base; Calgary 2 - Miami Beach 0
TOP OF THE 2ND
Calgary Flames batting - Pitching for Miami Beach Marlins : RHP Ib Skovgaard
Batting: RHB Andy Thomas 0-0: Ball
1-0: Swinging Strike
1-1: Called Strike
1-2: Strikes out swinging
Batting: RHB Antonio Martinez 0-0: Called Strike
0-1: Called Strike
0-2: Ball
1-2: Foul Ball, location: 2F
1-2: Foul Ball, location: 2F
1-2: Strikes out swinging
Batting: RHB Rod Johnson 0-0: Ground out 6-3 (Groundball, 6D, EV 103.1 MPH)
Top of the 2nd over - 0 runs, 0 hits, 0 errors, 0 left on base; Calgary 2 - Miami Beach 0
BOTTOM OF THE 2ND
Miami Beach Marlins batting - Pitching for Calgary Flames : LHP Tony Duque
Batting: RHB Orlando Melendres 0-0: Ball
1-0: Foul Ball, location: 2F
1-1: Foul Ball, location: 2F
1-2: Ball
2-2: Ball
3-2: Ground out 2-3 (Groundball, 15S, EV 71.2 MPH)
Batting: RHB Christian Gentille 0-0: Called Strike
0-1: Swinging Strike
0-2: Strikes out swinging
Batting: LHB Henry Huezo 0-0: Called Strike
0-1: Called Strike
0-2: Strikes out swinging
Bottom of the 2nd over - 0 runs, 0 hits, 0 errors, 0 left on base; Calgary 2 - Miami Beach 0
TOP OF THE 3RD
Calgary Flames batting - Pitching for Miami Beach Marlins : RHP Ib Skovgaard
Batting: LHB Garrett Dodge 0-0: Ball
1-0: Called Strike
1-1: Ball
2-1: Ball
3-1: Foul Ball, location: 2F
3-2: Foul Ball, location: 2F
3-2: Ground out U3 (Groundball, 34S, EV 85.6 MPH)
Batting: RHB Andre Thompson 0-0: Foul Ball, location: 2F
0-1: Ball
1-1: Swinging Strike
1-2: Ball
2-2: Strikes out swinging
Batting: RHB Norinaga Yamakawakamatsu 0-0: Foul Ball, location: 2F
0-1: Swinging Strike
0-2: Ball
1-2: Strikes out swinging
Top of the 3rd over - 0 runs, 0 hits, 0 errors, 0 left on base; Calgary 2 - Miami Beach 0
BOTTOM OF THE 3RD
Miami Beach Marlins batting - Pitching for Calgary Flames : LHP Tony Duque
Batting: RHB Hektor Luvian 0-0: Called Strike
0-1: Foul Ball, location: 2F
0-2: Ball
1-2: Fly out, F7 (Line Drive, 7S, EV 100.0 MPH)
Batting: SHB Emmet Brickowski 0-0: SINGLE (Line Drive, 78S, EV 112.5 MPH)
Batting: RHB Scott Talbot 0-0: Ball
Emmet Brickowski steals 2nd base
1-0: Ball
2-0: Ball
3-0: Called Strike
3-1: Called Strike
3-2: Fly out, F7 (Flyball, 7LSF, EV 81.9 MPH)
Batting: LHB Luis Ortegon 0-0: Ball
1-0: Ball
Wild Pitch!
Emmet Brickowski to third
2-0: Called Strike
2-1: Ball
3-1: SINGLE (Groundball, 56D, EV 103.8 MPH)
Emmet Brickowski scores
Batting: RHB Torquato Uso 0-0: Ball
1-0: Foul Ball, location: 2F
1-1: Ball
2-1: Called Strike
2-2: Ball
3-2: Foul Ball, location: 2F
3-2: Foul Ball, location: 2F
3-2: SINGLE (Groundball, 6M, EV 96.2 MPH)
Luis Ortegon to second
Luis Ortegon to third
Batting: RHB Corbin Chauvin 0-0: Foul Ball, location: 2F
0-1: Ball
1-1: Ball
2-1: Ball
3-1: Fly out, F3 (Line Drive, 3, EV 71.2 MPH)
Bottom of the 3rd over - 1 run, 3 hits, 0 errors, 2 left on base; Calgary 2 - Miami Beach 1
TOP OF THE 4TH
Calgary Flames batting - Pitching for Miami Beach Marlins : RHP Ib Skovgaard
Batting: RHB Alejandro Patron 0-0: Ball
1-0: Ball
2-0: Ball
3-0: Base on Balls
Batting: LHB Gary Corrales 0-0: Ball
1-0: Ball
2-0: Called Strike
2-1: Ball
3-1: Called Strike
3-2: Foul Ball, location: 2F
3-2: SINGLE (Line Drive, 6D, EV 100.0 MPH)
Alejandro Patron to second
Batting: RHB Peter Frankel 0-0: Ball
1-0: Called Strike
1-1: Ball
2-1: Foul Ball, location: 2F
2-2: Ball
3-2: Base on Balls
Alejandro Patron to third
Gary Corrales to second
Batting: RHB Andy Thomas 0-0: Called Strike
0-1: Ball
1-1: Ball
2-1: Foul Ball, location: 2F
2-2: Strikes out swinging
Batting: RHB Antonio Martinez 0-0: Called Strike
0-1: Ball
1-1: Swinging Strike
1-2: Strikes out swinging
Batting: RHB Rod Johnson 0-0: Fly out, F9 (Flyball, 9LM, EV 75.0 MPH)
Top of the 4th over - 0 runs, 1 hit, 0 errors, 3 left on base; Calgary 2 - Miami Beach 1
BOTTOM OF THE 4TH
Miami Beach Marlins batting - Pitching for Calgary Flames : LHP Tony Duque
Batting: RHB Orlando Melendres 0-0: Ball
1-0: Foul Ball, location: 2F
1-1: Ball
2-1: Swinging Strike
2-2: Foul Ball, location: 2F
2-2: Foul Ball, location: 2F
2-2: Ball
3-2: DOUBLE (Line Drive, 9LS, EV 95.6 MPH)
Batting: RHB Christian Gentille 0-0: Ball
1-0: Ball
2-0: Ground out U3 (Groundball, 34, EV 97.5 MPH)
Orlando Melendres to third
Batting: LHB Henry Huezo 0-0: Foul Ball, location: 2F
0-1: Called Strike
0-2: Strikes out swinging
Batting: RHB Hektor Luvian 0-0: Ball
1-0: Foul Ball, location: 2F
1-1: Ball
2-1: Ball
3-1: Base on Balls
Pitching: RHP Danny Araiza
Batting: SHB Emmet Brickowski 0-0: Ball
1-0: Called Strike
1-1: Foul Ball, location: 2F
1-2: Ball
2-2: Strikes out looking
Bottom of the 4th over - 0 runs, 1 hit, 0 errors, 2 left on base; Calgary 2 - Miami Beach 1
TOP OF THE 5TH
Calgary Flames batting - Pitching for Miami Beach Marlins : RHP Ib Skovgaard
Pitching: RHP Konoye Murakami
Batting: LHB Garrett Dodge 0-0: Swinging Strike
0-1: Foul Ball, location: 2F
0-2: Ball
1-2: Fly out, F8 (Flyball, 8LD, EV 96.9 MPH)
Batting: RHB Andre Thompson 0-0: Ball
1-0: Ball
2-0: Called Strike
2-1: Foul Ball, location: 2F
2-2: Strikes out swinging
Batting: RHB Norinaga Yamakawakamatsu 0-0: Swinging Strike
0-1: Ball
1-1: Foul Ball, location: 2F
1-2: Strikes out swinging
Top of the 5th over - 0 runs, 0 hits, 0 errors, 0 left on base; Calgary 2 - Miami Beach 1
BOTTOM OF THE 5TH
Miami Beach Marlins batting - Pitching for Calgary Flames : RHP Danny Araiza
Batting: RHB Scott Talbot 0-0: Ball
1-0: Ball
2-0: Called Strike
2-1: Foul Ball, location: 2F
2-2: Ball
3-2: Foul Ball, location: 2F
3-2: Foul Ball, location: 2F
3-2: SOLO HOME RUN (Flyball, 78XD, EV 110.0 MPH), Distance : 425 ft
Batting: LHB Luis Ortegon 0-0: Ball
1-0: Foul Ball, location: 2F
1-1: Foul Ball, location: 2F
1-2: Ground out 6-3 (Groundball, 6, EV 85.6 MPH)
Batting: RHB Torquato Uso 0-0: Ball
1-0: Ball
2-0: Foul Ball, location: 2F
2-1: Ball
3-1: Swinging Strike
3-2: Ground out 6-3 (Groundball, 6, EV 102.5 MPH)
Batting: RHB Corbin Chauvin 0-0: Foul Ball, location: 2F
0-1: Called Strike
0-2: Strikes out swinging
Bottom of the 5th over - 1 run, 1 hit, 0 errors, 0 left on base; Calgary 2 - Miami Beach 2
TOP OF THE 6TH
Calgary Flames batting - Pitching for Miami Beach Marlins : RHP Konoye Murakami
Batting: RHB Alejandro Patron 0-0: Ball
1-0: Called Strike
1-1: Called Strike
1-2: Foul Ball, location: 2F
1-2: Strikes out swinging
Batting: LHB Gary Corrales 0-0: Called Strike
0-1: Ball
1-1: Fly out, F3 (Line Drive, 34, EV 73.1 MPH)
Batting: RHB Peter Frankel 0-0: Ball
1-0: Ball
2-0: Ground out 5-3 (Groundball, 56, EV 103.8 MPH)
Top of the 6th over - 0 runs, 0 hits, 0 errors, 0 left on base; Calgary 2 - Miami Beach 2
BOTTOM OF THE 6TH
Miami Beach Marlins batting - Pitching for Calgary Flames : RHP Danny Araiza
Batting: RHB Orlando Melendres 0-0: Swinging Strike
0-1: Ball
1-1: Foul Ball, location: 2F
1-2: Foul Ball, location: 2F
1-2: Ground out 5-3 (Groundball, 5, EV 90.0 MPH)
Batting: RHB Christian Gentille 0-0: Called Strike
0-1: SINGLE (Groundball, 6MD, EV 97.5 MPH)
Batting: LHB Henry Huezo 0-0: Swinging Strike
0-1: Foul Ball, location: 2F
0-2: Foul Ball, location: 2F
0-2: Ball
1-2: Ball
2-2: Strikes out swinging
Batting: RHB Hektor Luvian 0-0: Called Strike
0-1: Ball
1-1: Ball
2-1: Fly out, F8 (Flyball, 8RD, EV 101.9 MPH)
Bottom of the 6th over - 0 runs, 1 hit, 0 errors, 1 left on base; Calgary 2 - Miami Beach 2
TOP OF THE 7TH
Calgary Flames batting - Pitching for Miami Beach Marlins : RHP Konoye Murakami
Batting: RHB Andy Thomas 0-0: Ball
1-0: Fly out, F3 (Popup, 3S, EV 71.9 MPH)
Batting: RHB Antonio Martinez 0-0: Foul Ball, location: 2F
0-1: Ball
1-1: Swinging Strike
1-2: Ball
2-2: Strikes out swinging
Batting: RHB Rod Johnson 0-0: Fly out, F9 (Line Drive, 9S, EV 95.0 MPH)
Top of the 7th over - 0 runs, 0 hits, 0 errors, 0 left on base; Calgary 2 - Miami Beach 2
BOTTOM OF THE 7TH
Miami Beach Marlins batting - Pitching for Calgary Flames : RHP Danny Araiza
Batting: SHB Emmet Brickowski 0-0: Ball
1-0: Ball
2-0: SINGLE (Line Drive, 9S, EV 95.6 MPH)
Pitching: RHP Scott Howarth
Batting: RHB Scott Talbot 0-0: Ball
1-0: Called Strike
1-1: Ball
2-1: Swinging Strike
2-2: Ball
3-2: 2-RUN HOME RUN (Flyball, 78XD, EV 110.0 MPH), Distance : 436 ft
Batting: LHB Luis Ortegon 0-0: Ball
1-0: Swinging Strike
1-1: Foul Ball, location: 2F
1-2: Strikes out swinging
Batting: RHB Torquato Uso 0-0: Ball
1-0: Called Strike
1-1: Swinging Strike
1-2: Ball
2-2: Strikes out looking
Batting: RHB Corbin Chauvin 0-0: Ball
1-0: Ball
2-0: Called Strike
2-1: Called Strike
2-2: Strikes out swinging
Bottom of the 7th over - 2 runs, 2 hits, 0 errors, 0 left on base; Calgary 2 - Miami Beach 4
TOP OF THE 8TH
Calgary Flames batting - Pitching for Miami Beach Marlins : RHP Konoye Murakami
Batting: LHB Garrett Dodge 0-0: Ball
1-0: Foul Ball, location: 2F
1-1: Foul Ball, location: 2F
1-2: Ground out 2-3 (Groundball, 2R, EV 67.5 MPH)
Batting: RHB Andre Thompson 0-0: Foul Ball, location: 2F
0-1: Swinging Strike
0-2: Strikes out swinging
Batting: RHB Norinaga Yamakawakamatsu 0-0: Ball
1-0: Ball
2-0: Ball
3-0: Base on Balls
Pitching: LHP Tom Boyko
Batting: RHB Alejandro Patron 0-0: Ball
1-0: Called Strike
1-1: Foul Ball, location: 2F
1-2: 2-RUN HOME RUN (Flyball, 7LD, EV 93.8 MPH), Distance : 364 ft
Pinch Hitting: RHB Willie Torres 0-0: Called Strike
0-1: TRIPLE (Flyball, 89XD, EV 101.9 MPH)
Batting: RHB Peter Frankel 0-0: Called Strike
0-1: Called Strike
0-2: Ball
1-2: Ball
2-2: Ground out 5-3 (Groundball, 5, EV 86.9 MPH)
Top of the 8th over - 2 runs, 2 hits, 0 errors, 1 left on base; Calgary 4 - Miami Beach 4
BOTTOM OF THE 8TH
Miami Beach Marlins batting - Pitching for Calgary Flames : RHP Scott Howarth
Now at 2B: Pablo Henriquez
Now at SS: Andre Thompson
Now in LF: Antonio Martinez
Now in CF: Peter Frankel
Batting: RHB Orlando Melendres 0-0: Ball
1-0: Ground out 5-3 (Groundball, 5S, EV 65.0 MPH)
Pinch Hitting: LHB Takao Ogura 0-0: Ball
1-0: Foul Ball, location: 2F
1-1: Foul Ball, location: 2F
1-2: Ball
2-2: Strikes out swinging
Pitching: LHP Adelino Burns
Pinch Hitting: RHB Melvin Nava 0-0: SINGLE (Groundball, 56S, EV 68.8 MPH) (infield hit)
Pinch Runner at 1st Francisco Valenzuela:
Batting: RHB Hektor Luvian 0-0: Ball
1-0: Ball
2-0: SINGLE (Flyball, 8LS, EV 87.5 MPH)
Francisco Valenzuela to second
Runner from 2nd tries for 3rd, SAFE, throw by CF made to third
Batting: SHB Emmet Brickowski 0-0: Ball
1-0: Swinging Strike
1-1: SINGLE (Line Drive, 6D, EV 95.0 MPH)
Francisco Valenzuela scores
Hektor Luvian to second
Batting: RHB Scott Talbot 0-0: Foul Ball, location: 2F
0-1: Foul Ball, location: 2F
0-2: Ground out 1-3 (Groundball, 23, EV 70.0 MPH)
Bottom of the 8th over - 1 run, 3 hits, 0 errors, 2 left on base; Calgary 4 - Miami Beach 5
TOP OF THE 9TH
Calgary Flames batting - Pitching for Miami Beach Marlins : LHP Tom Boyko
Pitching: RHP Kyle Beabout
Now in LF: Josh Jones
Now in CF: Jim Smallwood
Now in RF: Cody Leonard
Batting: RHB Ahmed Elezi 0-0: Ball
1-0: Foul Ball, location: 2F
1-1: Ball
2-1: Ball
3-1: SOLO HOME RUN (Flyball, 78XD, EV 111.9 MPH), Distance : 428 ft
Pinch Hitting: RHB Mick Vaught 0-0: Ball
1-0: Ball
2-0: Ground out 6-3 (Groundball, 56, EV 105.6 MPH)
Pinch Hitting: LHB Bruce Daley 0-0: Called Strike
0-1: Ball
1-1: Called Strike
1-2: Strikes out swinging
Batting: LHB Garrett Dodge 0-0: Ball
1-0: Called Strike
1-1: Ball
2-1: Swinging Strike
2-2: Foul Ball, location: 2F
2-2: Fly out, F8 (Flyball, 89M, EV 83.1 MPH)
Top of the 9th over - 1 run, 1 hit, 0 errors, 0 left on base; Calgary 5 - Miami Beach 5
BOTTOM OF THE 9TH
Miami Beach Marlins batting - Pitching for Calgary Flames : LHP Adelino Burns
Now at C: Matt Parkinson
Now in LF: Juan Mercado
Pinch Hitting: RHB Mario Cota 0-0: Called Strike
0-1: Ground out 5-3 (Groundball, 56, EV 107.5 MPH)
Batting: RHB Torquato Uso 0-0: Ball
1-0: Called Strike
1-1: Ball
2-1: Foul Ball, location: 2F
2-2: Foul Ball, location: 2F
2-2: Ball
3-2: Foul Ball, location: 2F
3-2: Fly out, F8 (Flyball, 8RD, EV 105.0 MPH)
Batting: RHB Corbin Chauvin 0-0: Called Strike
0-1: Ground out U3 (Groundball, 13, EV 76.9 MPH)
Bottom of the 9th over - 0 runs, 0 hits, 0 errors, 0 left on base; Calgary 5 - Miami Beach 5
TOP OF THE 10TH
Calgary Flames batting - Pitching for Miami Beach Marlins : RHP Kyle Beabout
Now in LF: Xin Zhang
Batting: RHB Andre Thompson 0-0: DOUBLE (Line Drive, 89M, EV 90.6 MPH)
Batting: RHB Norinaga Yamakawakamatsu 0-0: Fly out, F5 (Popup, 56S, EV 85.0 MPH)
Batting: RHB Alejandro Patron 0-0: Intentional Walk
Pinch Hitting: RHB Tyler Johnson 0-0: Ball
1-0: Ball
2-0: Called Strike
2-1: Swinging Strike
2-2: Strikes out looking
Batting: RHB Peter Frankel 0-0: Swinging Strike
0-1: Swinging Strike
0-2: SINGLE (Groundball, 6, EV 99.4 MPH)
Andre Thompson to third
Alejandro Patron to second
Runner from 3rd tries for Home, SAFE, throw by CF to home
Batting: RHB Ahmed Elezi 0-0: Ball
1-0: Ball
2-0: Swinging Strike
2-1: Foul Ball, location: 2F
2-2: Ball
3-2: Base on Balls
Alejandro Patron to third
Peter Frankel to second
Pitching: RHP Willie Mojica
Batting: RHB Juan Mercado 0-0: Ball
1-0: Foul Ball, location: 2F
1-1: Foul Ball, location: 2F
1-2: Ball
2-2: Ball
3-2: Strikes out swinging
Top of the 10th over - 1 run, 2 hits, 0 errors, 3 left on base; Calgary 6 - Miami Beach 5
BOTTOM OF THE 10TH
Miami Beach Marlins batting - Pitching for Calgary Flames : LHP Adelino Burns
Pitching: RHP Dylan Aceituno
Now at 2B: Andre Thompson
Now at SS: Tyler Johnson
Batting: RHB Orlando Melendres 0-0: Foul Ball, location: 2F
0-1: SINGLE (Line Drive, 89S, EV 100.0 MPH)
Pinch Hitting: RHB Kazumi Inouye 0-0: Ball
1-0: Bunted foul
1-1: Ball
2-1: Sac Bunt to 15S - play at second, runner OUT! 1-6
Pinch Hitting: RHB Troy Bush 0-0: Ball
1-0: Ball
2-0: Called Strike
2-1: Foul Ball, location: 2F
2-2: Foul Ball, location: 2F
2-2: DOUBLE (Line Drive, 5D, EV 107.5 MPH)
Kazumi Inouye to third
Runner from 3rd tries for Home, SAFE, throw by LF to trailing runner, SAFE at third!
Batting: RHB Hektor Luvian 0-0: Called Strike
0-1: Foul Ball, location: 2F
0-2: Fielders Choice at home, 3-2 (Groundball, 3, EV 83.1 MPH)
Batting: SHB Emmet Brickowski 0-0: Called Strike
0-1: Called Strike
0-2: Ball
1-2: Ball
2-2: Strikes out swinging
Bottom of the 10th over - 1 run, 2 hits, 0 errors, 1 left on base; Calgary 6 - Miami Beach 6
TOP OF THE 11TH
Calgary Flames batting - Pitching for Miami Beach Marlins : RHP Willie Mojica
Now in CF: Kazumi Inouye
Now in RF: Troy Bush
Batting: RHB Matt Parkinson 0-0: Called Strike
0-1: Ball
1-1: Ball
2-1: Foul Ball, location: 2F
2-2: Strikes out swinging
Batting: LHB Garrett Dodge 0-0: Called Strike
0-1: Foul Ball, location: 2F
0-2: Strikes out swinging
Batting: RHB Andre Thompson 0-0: Ball
1-0: Foul Ball, location: 2F
1-1: Called Strike
1-2: Foul Ball, location: 2F
1-2: Ball
2-2: DOUBLE (Line Drive, 7LM, EV 104.4 MPH)
Batting: RHB Norinaga Yamakawakamatsu 0-0: Ground out 5-3 (Groundball, 5, EV 101.9 MPH)
Top of the 11th over - 0 runs, 1 hit, 0 errors, 1 left on base; Calgary 6 - Miami Beach 6
BOTTOM OF THE 11TH
Miami Beach Marlins batting - Pitching for Calgary Flames : RHP Dylan Aceituno
Pitching: RHP Bruce Boivin
Batting: RHB Scott Talbot 0-0: Foul Ball, location: 2F
0-1: Called Strike
0-2: Ground out 4-3 (Groundball, 4, EV 88.1 MPH)
Batting: RHB Xin Zhang 0-0: Ball
1-0: Fly out, F9 (Line Drive, 89S, EV 90.6 MPH)
Batting: RHB Torquato Uso 0-0: Ball
1-0: Called Strike
1-1: Ball
2-1: Called Strike
2-2: Strikes out looking
Bottom of the 11th over - 0 runs, 0 hits, 0 errors, 0 left on base; Calgary 6 - Miami Beach 6
TOP OF THE 12TH
Calgary Flames batting - Pitching for Miami Beach Marlins : RHP Willie Mojica
Batting: RHB Alejandro Patron 0-0: Called Strike
0-1: Swinging Strike
0-2: Ball
1-2: Ball
2-2: Ball
3-2: Base on Balls
Batting: RHB Tyler Johnson 0-0: Ball
1-0: Called Strike
1-1: Fly out, F9 (Flyball, 89S, EV 75.0 MPH)
Pitching: LHP Matt Rielly
Batting: RHB Peter Frankel 0-0: Ball
1-0: Ball
2-0: Called Strike
2-1: Ball
3-1: Foul Ball, location: 2F
3-2: Base on Balls
Alejandro Patron to second
Batting: RHB Ahmed Elezi 0-0: Ball
1-0: Foul Ball, location: 2F
1-1: Swinging Strike
1-2: Ball
2-2: Strikes out swinging
Batting: RHB Juan Mercado 0-0: Swinging Strike
0-1: Ball
1-1: DOUBLE (Groundball, 5L, EV 104.4 MPH)
Alejandro Patron scores
Peter Frankel to third
Batting: RHB Matt Parkinson 0-0: Called Strike
0-1: Swinging Strike
0-2: Strikes out swinging
Top of the 12th over - 1 run, 1 hit, 0 errors, 2 left on base; Calgary 7 - Miami Beach 6
BOTTOM OF THE 12TH
Miami Beach Marlins batting - Pitching for Calgary Flames : RHP Bruce Boivin
Batting: RHB Corbin Chauvin 0-0: Ball
1-0: Ground out 4-3 (Groundball, 4, EV 86.2 MPH)
Batting: RHB Orlando Melendres 0-0: Called Strike
0-1: Hit by Pitch
Batting: RHB Kazumi Inouye 0-0: Called Strike
0-1: Swinging Strike
0-2: Strikes out looking
Batting: RHB Troy Bush 0-0: Ball
1-0: SINGLE (Groundball, 6MD, EV 101.9 MPH)
Orlando Melendres to second
Runner from 2nd tries for 3rd, SAFE, no throw by CF
Pinch Hitting: SHB Brent King 0-0: Ball
1-0: Ground out 1-3 (Groundball, 13S, EV 66.2 MPH)
Bottom of the 12th over - 0 runs, 1 hit, 0 errors, 2 left on base; Calgary 7 - Miami Beach 6
Tuesday, March 28th , 2023 - OOTP Baseball 23.10 Build 110